 Dungeon Crawl Stone Soup version 0.25.1-8-g42b30a86e7 (webtiles) character file.

Game seed: 17793857731687540316

2 hehateme the Stinger (level 1, 0/16 HPs)
             Began as a Naga Wanderer on Dec 4, 2020.
             Slain by a hobgoblin
             ... wielding a +0 club
              (3 damage)
             ... on level 1 of the Dungeon.
             The game lasted 00:00:26 (312 turns).

hehateme the Stinger (Naga Wanderer)                 Turns: 312, Time: 00:00:27

Health: 0/16       AC:  1    Str: 15    XL:     1   Next: 40%
Magic:  3/3        EV:  9    Int: 13    God:
Gold:   19         SH:  0    Dex:  8    Spells: 4/4 levels left

rFire    . . .     SeeInvis +   a - +0 club
rCold    . . .     Gourm    .   (no shield)
rNeg     . . .     Faith    .   d - +0 robe
rPois    +         Spirit   .   (no helmet)
rElec    .         Reflect  .   (no cloak)
rCorr    .         Harm     .   (no gloves)
MR       .....                  (no barding)
Stlth    +.........             (no amulet)
HPRegen  0.05/turn              (no ring)
MPRegen  0.08/turn              (no ring)

@: very slow
A: large, see invisible, deformed body, poison resistance, slowness 2, slow
metabolism 1, spit poison 1, AC +0
a: Spit Poison


You were on level 1 of the Dungeon.
You were not hungry.

You visited 1 branch of the dungeon, and saw 1 of its levels.

You collected 19 gold pieces.

Inventory:

Hand Weapons
 a - a +0 club (weapon)
Armour
 d - a +0 robe (worn)
Comestibles
 f - a ration {!d}


   Skills:
 + Level 0.4 Fighting
 - Level 1.7 Throwing
 + Level 0.9 Stealth
 - Level 2.0 Spellcasting
   Level 1.0 Summonings
   Level 1.0 Translocations
   Level 2.0 Fire Magic
   Level 2.6 Poison Magic


You had 4 spell levels left.
You didn't know any spells.
Your spell library contained the following spells:

 Spells                   Type           Power        Failure   Level  Hunger
 Apportation              Tloc           #.....       17%         1    ##.....
 Foxfire                  Conj/Fire      #...         17%         1    ##.....
 Blink                    Tloc           N/A          26%         2    ###....
 Shroud of Golubria       Chrm/Tloc      #.....       30%         2    ###....
 Conjure Flame            Conj/Fire      #.......     45%         3    ####...
 Inner Flame              Hex/Fire       #.......     45%         3    ####...
 Recall                   Summ/Tloc      N/A          45%         3    ####...
 Sticky Flame             Conj/Fire      #.......     86%         4    #####..
 Fireball                 Conj/Fire      #.........   99%         5    ######.


Dungeon Overview and Level Annotations

Branches:
Dungeon (1/15)

Altars:


Innate Abilities, Weirdness & Mutations

You cannot wear boots.
Your serpentine skin is tough. (AC +0)
You have supernaturally acute eyesight. (SInv)
Armour fits poorly on your strangely shaped body.
Your system is resistant to poisons. (rPois)
You cover ground very slowly.
You have a slow metabolism.
You can spit poison.


Message History

The hobgoblin shouts!
A hobgoblin is nearby!
The hobgoblin hits you with a +0 club.
You take 5 damage, and have 11/16 hp.
You hit the hobgoblin.
The hobgoblin is severely wounded.
The hobgoblin hits you with a +0 club.
You take 6 damage, and have 5/16 hp.
You are too injured to fight recklessly!
You are too injured to fight recklessly!
You are too injured to fight recklessly!
You hit the hobgoblin.
The hobgoblin is almost dead.
The hobgoblin barely misses you.
You hit the hobgoblin but do no damage.
The hobgoblin is almost dead.
The hobgoblin hits you with a +0 club.
* * * LOW HITPOINT WARNING * * *
The hobgoblin hits you with a +0 club.
You die...

.............# #.#
.###...##.#.#
....#.###...##.#.#
#.#.........##.#.#
#.#...###...####.#
#.#...# #...# #.#
#.#...###...# #.#
#######g#.........# ###
#......@#..####...######
#.#........# #.........
#.######.####.#######. #
#.#.....#
######.#.#..#####
.#...........).....
........#....######
.#############


You could see a hobgoblin.

Vanquished Creatures
  A bat (D:1)
  A hobgoblin (D:1)
2 creatures vanquished.

Notes
Turn   | Place    | Note
-------+----------+-------------------------------------------
     0 | D:1      | hehateme the Naga Wanderer began the quest for the Orb.
     0 | D:1      | hehateme set off with the following items: a +0 club, a +0
                  | robe, a ration {!d}; and the following spells available to
                  | memorise: Apportation, Foxfire, Blink, Shroud of Golubria,
                  | Conjure Flame, Inner Flame, Recall, Sticky Flame, Fireball
     0 | D:1      | Reached XP level 1. HP: 15/15 MP: 3/3
   312 | D:1      | Slain by a hobgoblin

Illustrated notes

Levels and vault maps discovered:
D:1:      lemuel_arrival_muddy, layout_basic, minmay_tiny_reverse_x

Action                   || total
-------------------------++-------
Melee: Club              ||    16
Armor: Robe              ||    11
Dodge: Dodged            ||     8
